 Dungeon Crawl Stone Soup version 0.32-a0-391-gce5c0aa (webtiles) character file.

Game seed: 12279695530286756929

2482 edsrzf the Carver (level 9, 0/61 HPs)
             Began as a Coglin Gladiator on Feb 19, 2024.
             Slain by a gnoll sergeant
             ... wielding a +4 trident of protection
              (11 damage)
             ... on level 7 of the Dungeon.
             The game lasted 00:11:48 (6084 turns).

edsrzf the Carver (Coglin Gladiator)                Turns: 6084, Time: 00:11:49

Health: 0/61       AC:  8    Str: 25    XL:     9   Next: 51%
Magic:  9/9        EV: 12    Int:  7    God:
Gold:   201        SH:  0    Dex: 16    Spells: 8/8 levels left

rFire   . . .        a - +0 scimitar {Siegfried}
rCold   . . .        b - +0 long sword {Arun}
rNeg    . . .        p - +0 leather armour
rPois   .            c - +0 helmet
rElec   .            (no cloak)
rCorr   .            y - +2 pair of gloves
SInv    .            E - +0 pair of boots
Will    .....        (no amulet)
Stlth   +            u - +6 ring of strength
HPRegen 0.30/turn    (no ring)
MPRegen 0.11/turn

%: no passive effects
@: revving
A: off-hand wielding, slow wielding, warmup strikes, warmup strides
a: no special abilities


You were on level 7 of the Dungeon.
You visited 1 branch of the dungeon, and saw 7 of its levels.

You collected 201 gold pieces.

Inventory:

Hand Weapons
 a - a +0 scimitar (weapon) {Siegfried}
 b - a +0 long sword (worn) {Arun}
Missiles
 d - a throwing net {=f}
 e - a javelin
 l - 3 poisoned darts (quivered)
Armour
 c - a +0 helmet (worn)
 p - a +0 leather armour (worn)
 y - a +2 pair of gloves (worn)
 E - a +0 pair of boots (worn)
Jewellery
 u - a +6 ring of strength (left grasper)
 C - a ring of see invisible
Wands
 t - a wand of flame (24)
 D - a wand of paralysis (4)
Scrolls
 f - 2 scrolls of amnesia {unknown}
 g - 5 scrolls of enchant armour {unknown}
 h - a scroll of poison {unknown}
 j - 6 scrolls of teleportation {unknown}
 k - a scroll of revelation {unknown}
 o - 7 scrolls of identify {unknown}
 q - a scroll of noise {unknown}
 s - 2 scrolls of fog {unknown}
 F - a scroll of enchant weapon {unknown}
Potions
 i - 3 potions of degeneration {unknown}
 m - a potion of might {unknown}
 r - a potion of brilliance {unknown}
 v - a potion of attraction {unknown}
 w - a potion of mutation {unknown}
 x - a potion of lignification {unknown}
 z - a potion of resistance {unknown}
 A - a potion of enlightenment {unknown}
 B - a potion of haste {unknown}
 G - a potion of curing {unknown}
 H - a potion of magic {unknown}


   Skills:
 - Level 2.0 Fighting
 + Level 12.8 Long Blades
 - Level 1.7 Throwing
 - Level 2.6 Dodging


You had 8 spell levels left.
You didn't know any spells.
Your spell library contained the following spells:

 Spells                   Type           Power      Damage    Failure   Level
 Foxfire                  Conj/Fire      0%         2x1d4     47%         1
 Magic Dart               Conj           0%         1d3       47%         1
 Blink                    Tloc           0%         N/A       63%         2
 Call Imp                 Summ           0%         N/A       63%         2
 Plasma Beam              Fire/Air       0%         2x1d10    100%        6
 Starburst                Conj/Fire      0%         6d3       100%        6


Dungeon Overview and Level Annotations

Branches:
Dungeon (7/15)
 Temple: D:4-7

Altars:
Dithmenos
Elyvilon
Gozag
Hepliaklqana
Makhleb
Sif Muna
Zin

Shops:
D:5 [


Innate Abilities, Weirdness & Mutations

You can wield a second weapon in your off-hand.
It takes a long time for you to wield or remove held weapons.
Your first few attacks do less damage.
Your first movements take longer.


Message History

There is an open door here.
A sleepcap comes into view.
The sleepcap releases spores at you but does no damage.
You slash the sleepcap with your +0 scimitar!
The sleepcap is heavily damaged.
You slash the sleepcap with your +0 long sword!
The sleepcap barely misses you.
You hit the sleepcap but do no damage.
The sleepcap is almost destroyed.
You hit the sleepcap with your +0 long sword.
You destroy the sleepcap!
Things that are here:
a +0 dagger; an orc skeleton
Things that are here:
a +0 dagger; a +0 leather armour Done exploring.
Done exploring.
There is a stone staircase leading down here.
You climb downwards.
Found a sedimented amethyst potion.
There is a stone staircase leading up here.
Autoexplore enabled for D:7 A gnoll comes into view.
It is wielding a +0 club.
Okay, then.
A gnoll comes into view. It is wielding a +0 flail.
Found a stone staircase leading down.
The gnoll shouts!
You hear a shout! x2
A gnoll comes into view. It is wielding a +0 spear.
A gnoll sergeant comes into view.
It is wielding a +4 trident of protection.
You hear a shout!
You slash the gnoll with your +0 scimitar!
The gnoll is severely wounded.
You slash the gnoll with your +0 long sword!
You kill the gnoll!
Found a puce potion.
You slash the gnoll with your +0 scimitar!
The gnoll is almost dead.
You slash the gnoll with your +0 long sword!
You kill the gnoll!
You throw a poisoned dart.
The poisoned dart hits the gnoll sergeant.
The gnoll sergeant is poisoned.
The gnoll sergeant closely misses you.
The gnoll hits you but does no damage. 2 gnolls come into view.
A gnoll is wielding a +1 spear of flaming.
The gnoll shouts! x2
The gnoll sergeant closely misses you.
You hit the gnoll with your +0 scimitar.
The gnoll is moderately wounded.
You slash the gnoll with your +0 long sword!
You kill the gnoll!
The gnoll sergeant hits you from afar with a +4 trident of protection.
The gnoll hits you from afar with a +1 spear of flaming!
The gnoll burns you. The gnoll hits you but does no damage.
The gnoll hits you from afar with a +0 spear.
The gnoll sergeant closely misses you. The gnoll closely misses you.
The gnoll sergeant hits you with a +4 trident of protection!
Things that are here:
a +0 flail; a gnoll corpse Unknown command.
You hit the gnoll sergeant but do no damage.
The gnoll sergeant is lightly wounded.
You hit the gnoll sergeant but do no damage.
The gnoll sergeant looks more healthy.
The gnoll hits you with a +0 spear.
You hit the gnoll sergeant but do no damage.
The gnoll sergeant is lightly wounded.
You hit the gnoll sergeant but do no damage.
The gnoll sergeant hits you with a +4 trident of protection!
The gnoll hits you with a +0 spear.
* * * LOW HITPOINT WARNING * * *
Okay, then.
You feel much better.
The gnoll sergeant hits you with a +4 trident of protection!
* * * LOW HITPOINT WARNING * * *
The gnoll hits you but does no damage. The gnoll hits you with a +0 spear.
* * * LOW HITPOINT WARNING * * *
Unknown command.
You slash the gnoll with your +0 scimitar!
The gnoll is severely wounded.
You slash the gnoll with your +0 long sword!
You kill the gnoll!
The gnoll sergeant hits you but does no damage.
The gnoll barely misses you.
Okay, then.
Okay, then.
Okay, then.
Okay, then.
Unknown command.
Okay, then.
Okay, then.
Aiming: Paralyse
Press: ? - help, Shift-Dir - straight line, f/p - gnoll sergeant
Aim: a gnoll sergeant, wielding a +4 trident of protection and wearing a +0 scale mail (lightly wounded, chance to affect: 49%)
Okay, then.
Unknown command.
The gnoll sergeant attacks as it pursues you!
The gnoll sergeant hits you with a +4 trident of protection!
You die...

#######
........######
......>...g..##
.........)..#
#.)#####g.#
#....)g...#
#....@#...#
#!.####...#
..... #..!#
#####. ##..# .#
##.# # .# .#


You could see a gnoll sergeant and a gnoll.

Vanquished Creatures
  A two-headed ogre (D:6)
  2 black bears
  2 ice beasts (D:6)
  An orc warrior (D:6)
  An ogre (D:6)
  2 phantoms (D:6)
  Blork the orc (D:5)
  4 scorpions
  2 bombardier beetles (D:6)
  3 hounds
  2 orc priests
  A gnoll bouda (D:4)
  2 iguanas (D:5)
  An orc wizard (D:5)
  3 sleepcaps
  17 gnolls
  4 adders
  A shadow imp (D:6)
  2 white imps (D:6)
  2 ufetubi (D:6)
  5 dart slugs
  A ribbon worm (D:2)
  23 orcs
  11 ball pythons
  7 bats
  6 endoplasms
  3 giant cockroaches
  6 goblins
  8 hobgoblins
  14 jackals
  7 kobolds
  5 quokkas
  9 frilled lizards
  4 rats
163 creatures vanquished.

Notes
Turn   | Place    | Note
-------+----------+-------------------------------------------
     0 | D:1      | edsrzf the Coglin Gladiator began the quest for the Orb.
     0 | D:1      | Reached XP level 1. HP: 16/16 MP: 1/1
   101 | D:1      | Reached XP level 2. HP: 22/22 MP: 2/2
   134 | D:1      | Reached skill level 4 in Long Blades
   144 | D:1      | Reached XP level 3. HP: 26/27 MP: 3/3
   474 | D:1      | Reached XP level 4. HP: 27/33 MP: 4/4
   547 | D:1      | Reached skill level 5 in Long Blades
  1325 | D:2      | Reached XP level 5. HP: 38/38 MP: 5/5
  1535 | D:3      | Found a shimmering blue altar of Sif Muna.
  1651 | D:3      | Reached skill level 6 in Long Blades
  1729 | D:3      | Found a glowing silver altar of Zin.
  1729 | D:3      | Found an opulent altar of Gozag.
  2159 | D:5      | Entered Level 5 of the Dungeon
  2174 | D:5      | Reached XP level 6. HP: 10/44 MP: 6/6
  2480 | D:4      | Identified 2 potions of heal wounds
  2483 | D:4      | Reached skill level 7 in Long Blades
  2789 | D:4      | Noticed a black bear
  2794 | D:4      | Killed a black bear
  2795 | D:4      | Reached XP level 7. HP: 50/50 MP: 7/7
  2912 | D:4      | Reached skill level 8 in Long Blades
  3342 | D:4      | Found the +8 trident of the Octopus King {venom, rElec
                  | rPois}
  3904 | D:5      | Reached skill level 9 in Long Blades
  4020 | D:5      | Reached XP level 8. HP: 16/56 MP: 8/8
  4230 | D:5      | Found a hazy altar of Hepliaklqana.
  4434 | D:5      | Noticed Blork the orc
  4438 | D:5      | Killed Blork the orc
  4454 | D:5      | Found Biunk's Antique Armour Boutique.
  4648 | D:6      | Reached skill level 10 in Long Blades
  4993 | D:6      | Found a shadowy altar of Dithmenos.
  5115 | D:6      | Reached skill level 11 in Long Blades
  5313 | D:6      | Found a burning altar of Makhleb.
  5543 | D:6      | Noticed a two-headed ogre
  5554 | D:6      | Killed a two-headed ogre
  5555 | D:6      | Reached skill level 12 in Long Blades
  5555 | D:6      | Reached XP level 9. HP: 19/61 MP: 9/9
  5709 | D:6      | Found a white marble altar of Elyvilon.
  6084 | D:7      | Slain by a gnoll sergeant

Illustrated notes

Levels and vault maps discovered:
D:1:      dpeg_arrival_triangle_fractal, layout_loops_ring, minmay_pentomino_w4
D:2:      layout_basic, grunt_ministairs_15, chequers_serial_rivers_small_b,
          uniq_natasha
D:3:      layout_loops_ring, grunt_temple_overflow_gold_and_silver,
          nicolae_sif_muna_condensation, minmay_shallow_snake_nest
D:4:      wad_lake_hut, layout_basic, nicolae_the_louvre
D:5:      layout_loops_ring, lemuel_coloured_pillars_altar, serial_shops,
          nicolae_shop_back_alley_shop, serial_bayou_ford_a,
          serial_bayou_lagoon_a, nicolae_zig_zag_zippers, uniq_blork_the_orc
D:6:      layout_basic, grunt_dithmenos_smoke_and_mirrors,
          mainiacjoe_overflow_cross_hatched, general_overflow_altar,
          minivault_4, nicolae_houndstooth_variations
D:7:      corexii_shack_village, layout_basic,
          chequers_temple_overflow_minitemple, minmay_temple_entry_ruins,
          serial_curves, eino_curves_02, eino_curves_01

Skill      XL: |  1  2  3  4  5  6  7  8 |
---------------+-------------------------+-----
Long Blades    | 4 5 6 7 9 12 | 12.8
Fighting       | |  2.0
Throwing       | |  1.7
Dodging        | |  2.6

Action                     |  1- 3 |  4- 6 |  7- 9 || total
---------------------------+-------+-------+-------++-------
  Melee: Long sword        |    86 |   249 |   259 ||   594
         Scimitar          |       |       |    77 ||    77
  Throw: Throwing net      |       |     3 |     1 ||     4
         Dart              |       |       |    13 ||    13
    Use: Potion            |       |     1 |     1 ||     2
   Stab: Sleeping          |       |     2 |       ||     2
         Held in net/web   |       |     1 |       ||     1
 Armour: Leather armour    |    41 |    86 |   126 ||   253
  Dodge: Dodged            |    56 |   103 |    98 ||   257

Table legend: (Time is in decaauts)
 A = Elapsed time spent in this place.
 B = Non-inter-level travel time spent in this place.
 C = Inter-level travel time spent in this place.
 D = Time resting spent in this place.
 E = Time spent auto-exploring this place.
 F = Levels seen in this place.
 G = Mean time per level.
                   A        B        C        D        E       F      G
               +--------+--------+--------+--------+--------+-----+--------+
         Total |   6357 |   6237 |    120 |    833 |   4035 |   7 |  908.1 |
       Dungeon |   6357 |   6237 |    120 |    833 |   4035 |   7 |  908.1 |
               +--------+--------+--------+--------+--------+-----+--------+

Top non-repeatable levels by time:
     D:6: 1456 daAuts
     D:4: 1408 daAuts
     D:5: 1246 daAuts
     D:1: 971 daAuts
     D:3: 797 daAuts
     D:2: 456 daAuts
     D:7: 20 daAuts
